| TOP OF THE 1ST |
|
Fresno Grizzlies batting - Pitching for Bakersfield Bears : LHP Richard Herendeen
|
|
Pitching: LHP Richard Herendeen
|
|
|
Batting: RHB Mike Jirschele
|
0-0: Ground out 6-3 (Groundball, P, EV 87.5 MPH)
|
|
Batting: RHB Tom Johnson
|
0-0: Ball 1-0: Called Strike 1-1: Ball 2-1: Ground out 4-3 (Groundball, 4, EV 102.5 MPH)
|
|
Batting: RHB Chris Fernandez
|
0-0: Swinging Strike 0-1: Ball 1-1: Ball 2-1: Ball 3-1: Foul Ball, location: 2F 3-2: Foul Ball, location: 2F 3-2: Strikes out swinging
|
| Top of the 1st over - 0 runs, 0 hits, 0 errors, 0 left on base; Fresno 0 - Bakersfield 0 |
| BOTTOM OF THE 1ST |
|
Bakersfield Bears batting - Pitching for Fresno Grizzlies : RHP Jerry Bonilla
|
|
Pitching: RHP Jerry Bonilla
|
|
|
Batting: LHB Kevin Waller
|
0-0: Ball 1-0: Swinging Strike 1-1: Ball 2-1: Swinging Strike 2-2: Foul Ball, location: 2F 2-2: Ground out 6-3 (Groundball, 6, EV 76.9 MPH)
|
|
Batting: RHB Antonio Alicea
|
0-0: Ball 1-0: Fly out, F8 (Line Drive, 8RM, EV 91.3 MPH)
|
|
Batting: LHB Jim Eppard
|
0-0: Ball 1-0: Ball 2-0: Ball 3-0: Base on Balls
|
|
Batting: RHB Steve Buechele
|
0-0: Called Strike 0-1: Fielders Choice at 2nd, 6-4 (Groundball, 6, EV 100.0 MPH)
|
| Bottom of the 1st over - 0 runs, 0 hits, 0 errors, 1 left on base; Fresno 0 - Bakersfield 0 |
| TOP OF THE 2ND |
|
Fresno Grizzlies batting - Pitching for Bakersfield Bears : LHP Richard Herendeen
|
|
Batting: RHB Mike King
|
0-0: Ball 1-0: Called Strike 1-1: Ball 2-1: Foul Ball, location: 2F 2-2: Ball 3-2: Fly out, F7 (Flyball, 78D, EV 94.4 MPH)
|
|
Batting: LHB Ron Oddo
|
0-0: Ball 1-0: Swinging Strike 1-1: Ball 2-1: Ground out 4-3 (Groundball, 34D, EV 105.0 MPH)
|
|
Batting: RHB Ivan Mesa
|
0-0: Ball 1-0: Fly out, F9 (Flyball, 9, EV 86.9 MPH)
|
| Top of the 2nd over - 0 runs, 0 hits, 0 errors, 0 left on base; Fresno 0 - Bakersfield 0 |
| BOTTOM OF THE 2ND |
|
Bakersfield Bears batting - Pitching for Fresno Grizzlies : RHP Jerry Bonilla
|
|
Batting: LHB Gregory DeLaune
|
0-0: SINGLE (Line Drive, 4M, EV 111.3 MPH)
|
|
Batting: RHB James Oros
|
0-0: Called Strike 0-1: Ball Gregory DeLaune steals 2nd base 1-1: Called Strike 1-2: Foul Ball, location: 2F 1-2: Fly out, F4 (Popup, 4D, EV 70.6 MPH)
|
|
Batting: RHB Jeff Rudolph
|
0-0: Ball Gregory DeLaune is caught stealing 3rd base 2-5 1-0: Foul Ball, location: 2F 1-1: Swinging Strike 1-2: Ball 2-2: Ball 3-2: Foul Ball, location: 2F 3-2: Strikes out swinging
|
| Bottom of the 2nd over - 0 runs, 1 hit, 0 errors, 0 left on base; Fresno 0 - Bakersfield 0 |
| TOP OF THE 3RD |
|
Fresno Grizzlies batting - Pitching for Bakersfield Bears : LHP Richard Herendeen
|
|
Batting: LHB Roger Hill
|
0-0: Ball 1-0: SINGLE (Groundball, 4S, EV 69.4 MPH) (infield hit)
|
|
Batting: RHB Manuel McDonald
|
0-0: Fielders Choice at 2nd, 6-4 (Groundball, 6, EV 102.5 MPH)
|
|
Batting: RHB Emilio Carrasquel
|
0-0: Ball 1-0: Ball 2-0: Grounds into double play, 4-6-3 (Groundball, 4MS, EV 81.3 MPH)
|
| Top of the 3rd over - 0 runs, 1 hit, 0 errors, 0 left on base; Fresno 0 - Bakersfield 0 |
| BOTTOM OF THE 3RD |
|
Bakersfield Bears batting - Pitching for Fresno Grizzlies : RHP Jerry Bonilla
|
|
Batting: RHB Steven Patterson
|
0-0: Ball 1-0: Ball 2-0: Foul Ball, location: 2F 2-1: Foul Ball, location: 2F 2-2: Ball 3-2: Foul Ball, location: 2F 3-2: Foul Ball, location: 2F 3-2: Ground out 6-3 (Groundball, 6MS, EV 80.0 MPH)
|
|
Batting: RHB Jack Lopez
|
0-0: Foul Ball, location: 2F 0-1: Ball 1-1: Foul Ball, location: 2F 1-2: Strikes out swinging
|
|
Batting: LHB Kevin Waller
|
0-0: Called Strike 0-1: Fly out, F9 (Flyball, 9D, EV 81.3 MPH)
|
| Bottom of the 3rd over - 0 runs, 0 hits, 0 errors, 0 left on base; Fresno 0 - Bakersfield 0 |
| TOP OF THE 4TH |
|
Fresno Grizzlies batting - Pitching for Bakersfield Bears : LHP Richard Herendeen
|
|
Batting: RHB Mike Jirschele
|
0-0: Ball 1-0: Foul Ball, location: 2F 1-1: Foul Ball, location: 2F 1-2: Foul Ball, location: 2F 1-2: Foul Ball, location: 2F 1-2: Ball 2-2: SINGLE (Flyball, 34D, EV 87.5 MPH)
|
|
Batting: RHB Tom Johnson
|
0-0: Ball 1-0: Foul Ball, location: 2F 1-1: Fielders Choice at 2nd, 6-4 (Groundball, 6, EV 87.5 MPH)
|
|
Batting: RHB Chris Fernandez
|
0-0: Called Strike 0-1: Ball 1-1: Ball 2-1: Swinging Strike 2-2: Ball 3-2: DOUBLE (Flyball, 8RXD, EV 94.4 MPH) Tom Johnson to third Runner from 3rd tries for Home, SAFE, throw by CF to home
|
|
Batting: RHB Mike King
|
0-0: Fly out, F7 (Flyball, 7, EV 96.3 MPH)
|
|
Batting: LHB Ron Oddo
|
0-0: Ball 1-0: Ball 2-0: Ground out 5-3 (Groundball, 5, EV 105.6 MPH)
|
| Top of the 4th over - 1 run, 2 hits, 0 errors, 1 left on base; Fresno 1 - Bakersfield 0 |
| BOTTOM OF THE 4TH |
|
Bakersfield Bears batting - Pitching for Fresno Grizzlies : RHP Jerry Bonilla
|
|
Batting: RHB Antonio Alicea
|
0-0: Foul Ball, location: 2F 0-1: Called Strike 0-2: Ball 1-2: Ball 2-2: Strikes out swinging
|
|
Batting: LHB Jim Eppard
|
0-0: SINGLE (Groundball, 15S, EV 65.6 MPH) (infield hit)
|
|
Batting: RHB Steve Buechele
|
0-0: Ball 1-0: Called Strike Jim Eppard steals 2nd base 1-1: Ball 2-1: Ground out 6-3 (Groundball, 6S, EV 69.4 MPH) Jim Eppard to third
|
|
Batting: LHB Gregory DeLaune
|
0-0: Ball 1-0: Foul Ball, location: 2F 1-1: Ball 2-1: Swinging Strike 2-2: Ball 3-2: SINGLE (Groundball, 4MD, EV 111.3 MPH) Jim Eppard scores
|
|
Batting: RHB James Oros
|
0-0: Ball 1-0: Ball Gregory DeLaune steals 2nd base 2-0: Foul Ball, location: 2F 2-1: Foul Ball, location: 2F 2-2: Ball 3-2: Foul Ball, location: 2F 3-2: Ground out 6-3 (Groundball, 6, EV 88.1 MPH)
|
| Bottom of the 4th over - 1 run, 2 hits, 0 errors, 1 left on base; Fresno 1 - Bakersfield 1 |
| TOP OF THE 5TH |
|
Fresno Grizzlies batting - Pitching for Bakersfield Bears : LHP Richard Herendeen
|
|
Batting: RHB Ivan Mesa
|
0-0: Swinging Strike 0-1: Called Strike 0-2: Ball 1-2: SINGLE (Line Drive, 6MD, EV 96.3 MPH)
|
|
Batting: LHB Roger Hill
|
0-0: Ball 1-0: Bunted foul 1-1: Bunt missed! 1-2: Ball 2-2: Ball 3-2: Base on Balls Ivan Mesa to second
|
|
Batting: RHB Manuel McDonald
|
0-0: Ball 1-0: Sac Bunt to 15 - play at first, batter OUT! 1-3 Ivan Mesa to third Roger Hill to second
|
|
Batting: RHB Emilio Carrasquel
|
0-0: Ball 1-0: Called Strike 1-1: Swinging Strike 1-2: Strikes out looking
|
|
Batting: RHB Mike Jirschele
|
0-0: Ground out 6-3 (Groundball, 6, EV 103.1 MPH)
|
| Top of the 5th over - 0 runs, 1 hit, 0 errors, 2 left on base; Fresno 1 - Bakersfield 1 |
| BOTTOM OF THE 5TH |
|
Bakersfield Bears batting - Pitching for Fresno Grizzlies : RHP Jerry Bonilla
|
|
Batting: RHB Jeff Rudolph
|
0-0: Foul Ball, location: 2F 0-1: Ball 1-1: Foul Ball, location: 2F 1-2: Ball 2-2: Ball 3-2: Base on Balls
|
|
Batting: RHB Steven Patterson
|
0-0: Foul Ball, location: 2F 0-1: SINGLE (Groundball, 56D, EV 96.9 MPH) Jeff Rudolph to second
|
|
Batting: RHB Jack Lopez
|
0-0: Called Strike 0-1: Ball 1-1: Fly out, F7 (Flyball, 78M, EV 88.1 MPH)
|
|
Batting: LHB Kevin Waller
|
0-0: Ball 1-0: Swinging Strike 1-1: Foul Ball, location: 2F 1-2: Foul Ball, location: 2F 1-2: Ball 2-2: Ball 3-2: Fly out, F8 (Flyball, 8RXD, EV 100.6 MPH) Runner from 2nd tags up, SAFE at 3rd, no throw by CF
|
|
Batting: RHB Antonio Alicea
|
0-0: Ball 1-0: Ball 2-0: Ball 3-0: Base on Balls Steven Patterson to second
|
|
Batting: LHB Jim Eppard
|
0-0: Ball 1-0: Ball 2-0: Ball 3-0: Base on Balls Jeff Rudolph scores Steven Patterson to third Antonio Alicea to second
|
|
Pitching: RHP Larry Wright
|
|
|
Batting: RHB Steve Buechele
|
0-0: Called Strike 0-1: Fly out, F7 (Line Drive, 7D, EV 89.4 MPH)
|
| Bottom of the 5th over - 1 run, 1 hit, 0 errors, 3 left on base; Fresno 1 - Bakersfield 2 |
| TOP OF THE 6TH |
|
Fresno Grizzlies batting - Pitching for Bakersfield Bears : LHP Richard Herendeen
|
|
Batting: RHB Tom Johnson
|
0-0: Ball 1-0: DOUBLE (Line Drive, 9LS, EV 106.3 MPH)
|
|
Batting: RHB Chris Fernandez
|
0-0: Ball 1-0: SINGLE (Flyball, 3D, EV 89.4 MPH) Tom Johnson to third
|
|
Batting: RHB Mike King
|
0-0: Fielders Choice at 2nd, 6-4 (Groundball, 6, EV 99.4 MPH) Tom Johnson scores
|
|
Batting: LHB Ron Oddo
|
Pickoff Throw to First - Error! E1 Mike King to second 0-0: Ball 1-0: Called Strike 1-1: Ball 2-1: SINGLE (Groundball, 4MS, EV 76.3 MPH) (infield hit) Mike King to third
|
|
Batting: RHB Ivan Mesa
|
0-0: Ball 1-0: Called Strike 1-1: Ball 2-1: Swinging Strike 2-2: Fly out, F8 (Flyball, 8RM, EV 80.0 MPH) Runner from 3rd tags up, SCORES, throw by CF
|
|
Batting: LHB Roger Hill
|
0-0: Ball 1-0: Ball 2-0: Ball 3-0: Called Strike 3-1: Reached on error, E3 (Groundball, 3L, EV 104.4 MPH) Ron Oddo to second
|
|
Batting: RHB Manuel McDonald
|
0-0: Called Strike 0-1: Called Strike 0-2: Ball 1-2: Strikes out swinging
|
| Top of the 6th over - 2 runs, 3 hits, 2 errors, 2 left on base; Fresno 3 - Bakersfield 2 |
| BOTTOM OF THE 6TH |
|
Bakersfield Bears batting - Pitching for Fresno Grizzlies : RHP Larry Wright
|
|
Batting: LHB Gregory DeLaune
|
0-0: Called Strike 0-1: Ball 1-1: Ball 2-1: Called Strike 2-2: Strikes out swinging
|
|
Batting: RHB James Oros
|
0-0: Fly out, F4 (Popup, 13S, EV 87.5 MPH)
|
|
Batting: RHB Jeff Rudolph
|
0-0: Called Strike 0-1: Called Strike 0-2: Ball 1-2: Ground out U3 (Groundball, 34, EV 90.0 MPH)
|
| Bottom of the 6th over - 0 runs, 0 hits, 0 errors, 0 left on base; Fresno 3 - Bakersfield 2 |
| TOP OF THE 7TH |
|
Fresno Grizzlies batting - Pitching for Bakersfield Bears : LHP Richard Herendeen
|
|
Batting: RHB Emilio Carrasquel
|
0-0: Called Strike 0-1: Called Strike 0-2: DOUBLE (Line Drive, 89D, EV 106.3 MPH)
|
|
Batting: RHB Mike Jirschele
|
0-0: Swinging Strike 0-1: Called Strike 0-2: Ball 1-2: Foul Ball, location: 2F 1-2: Foul Ball, location: 2F 1-2: Ball 2-2: Strikes out swinging
|
|
Batting: RHB Tom Johnson
|
0-0: Ball 1-0: Ball 2-0: Ball 3-0: Called Strike 3-1: Fly out, F4 (Popup, 4M, EV 67.5 MPH)
|
|
Batting: RHB Chris Fernandez
|
0-0: Called Strike 0-1: Ball 1-1: DOUBLE (Line Drive, 7LS, EV 99.4 MPH) Emilio Carrasquel scores
|
|
Batting: RHB Mike King
|
0-0: Ball 1-0: SINGLE (Groundball, 3D, EV 105.0 MPH) Chris Fernandez to third Runner from 3rd tries for Home, SAFE, throw by RF to home
|
|
Batting: LHB Ron Oddo
|
0-0: Called Strike 0-1: Ball 1-1: Ground out 4-3 (Groundball, 4, EV 95.0 MPH)
|
| Top of the 7th over - 2 runs, 3 hits, 0 errors, 1 left on base; Fresno 5 - Bakersfield 2 |
| BOTTOM OF THE 7TH |
|
Bakersfield Bears batting - Pitching for Fresno Grizzlies : RHP Larry Wright
|
|
Batting: RHB Steven Patterson
|
0-0: Called Strike 0-1: Ball 1-1: Ball 2-1: Fly out, F8 (Line Drive, 8RM, EV 94.4 MPH)
|
|
Batting: RHB Jack Lopez
|
0-0: Foul Ball, location: 2F 0-1: Foul Ball, location: 2F 0-2: Strikes out swinging
|
|
Batting: LHB Kevin Waller
|
0-0: Fly out, F5 (Popup, 25, EV 88.1 MPH)
|
| Bottom of the 7th over - 0 runs, 0 hits, 0 errors, 0 left on base; Fresno 5 - Bakersfield 2 |
| TOP OF THE 8TH |
|
Fresno Grizzlies batting - Pitching for Bakersfield Bears : LHP Richard Herendeen
|
|
Pitching: LHP Frank Miloszewski
|
|
|
Batting: RHB Ivan Mesa
|
0-0: Fly out, F8 (Flyball, 78D, EV 103.1 MPH)
|
|
Batting: LHB Roger Hill
|
0-0: Ball 1-0: Foul Ball, location: 2F 1-1: Swinging Strike 1-2: Ball 2-2: Foul Ball, location: 2F 2-2: Foul Ball, location: 2F 2-2: Fly out, F8 (Flyball, 8RS, EV 89.4 MPH)
|
|
Batting: RHB Manuel McDonald
|
0-0: Ball 1-0: Ball 2-0: Ball 3-0: Foul Ball, location: 2F 3-1: Base on Balls
|
|
Batting: RHB Emilio Carrasquel
|
0-0: Ball 1-0: Fly out, F9 (Flyball, 9LD, EV 94.4 MPH)
|
| Top of the 8th over - 0 runs, 0 hits, 0 errors, 1 left on base; Fresno 5 - Bakersfield 2 |
| BOTTOM OF THE 8TH |
|
Bakersfield Bears batting - Pitching for Fresno Grizzlies : RHP Larry Wright
|
|
Batting: RHB Antonio Alicea
|
0-0: Fly out, F9 (Flyball, 89S, EV 95.0 MPH)
|
|
Batting: LHB Jim Eppard
|
0-0: Ball 1-0: Ball 2-0: Ball 3-0: Base on Balls
|
|
Batting: RHB Steve Buechele
|
0-0: Ball 1-0: Ball 2-0: Ball 3-0: Called Strike 3-1: Foul Ball, location: 2F 3-2: Base on Balls Jim Eppard to second
|
|
Batting: LHB Gregory DeLaune
|
0-0: Foul Ball, location: 2F 0-1: Called Strike 0-2: Strikes out swinging
|
|
Batting: RHB James Oros
|
0-0: Foul Ball, location: 2F 0-1: Called Strike 0-2: Foul Ball, location: 2F 0-2: Ball 1-2: Strikes out swinging
|
| Bottom of the 8th over - 0 runs, 0 hits, 0 errors, 2 left on base; Fresno 5 - Bakersfield 2 |
| TOP OF THE 9TH |
|
Fresno Grizzlies batting - Pitching for Bakersfield Bears : LHP Frank Miloszewski
|
|
Batting: RHB Mike Jirschele
|
0-0: Ball 1-0: Ball 2-0: Ball 3-0: Foul Ball, location: 2F 3-1: Base on Balls
|
|
Batting: RHB Tom Johnson
|
0-0: Ball 1-0: Foul Ball, location: 2F 1-1: Foul Ball, location: 2F 1-2: Strikes out swinging
|
|
Batting: RHB Chris Fernandez
|
0-0: Ball Pickoff Throw to First - Error! E1 Mike Jirschele to second 1-0: Ball 2-0: Ground out 6-3 (Groundball, 6, EV 81.3 MPH) Mike Jirschele to third
|
|
Batting: RHB Mike King
|
0-0: Ball 1-0: Ground out 3-1 (Groundball, 34, EV 88.1 MPH)
|
| Top of the 9th over - 0 runs, 0 hits, 1 error, 1 left on base; Fresno 5 - Bakersfield 2 |
| BOTTOM OF THE 9TH |
|
Bakersfield Bears batting - Pitching for Fresno Grizzlies : RHP Larry Wright
|
|
Batting: RHB Jeff Rudolph
|
0-0: Ball 1-0: Foul Ball, location: 2F 1-1: Foul Ball, location: 2F 1-2: Ball 2-2: Ball 3-2: Fly out, F8 (Flyball, 78M, EV 91.3 MPH)
|
|
Batting: RHB Steven Patterson
|
0-0: Called Strike 0-1: Ball 1-1: DOUBLE (Flyball, 78D, EV 109.4 MPH)
|
|
Pitching: RHP Chuck McKinney
|
|
|
Batting: RHB Jack Lopez
|
0-0: Foul Ball, location: 2F 0-1: Ball 1-1: Ball 2-1: Foul Ball, location: 2F 2-2: Ball 3-2: Ground out 4-3 (Groundball, 4, EV 90.0 MPH) Steven Patterson to third
|
|
Batting: LHB Kevin Waller
|
0-0: Called Strike 0-1: Swinging Strike 0-2: Ball 1-2: Fly out, F8 (Flyball, 78XD, EV 108.8 MPH)
|
| Bottom of the 9th over - 0 runs, 1 hit, 0 errors, 1 left on base; Fresno 5 - Bakersfield 2 |
|